 Dungeon Crawl Stone Soup version 0.25.1-2-g60ff931df9 (webtiles) character file.

Game seed: 7212129443452898050

55 DildoBatman the Conjurer (level 4, -1/30 HPs)
             Began as a Formicid Wizard on Sept 3, 2020.
             Slain by a rat (2 damage)
             ... on level 2 of the Dungeon.
             The game lasted 00:02:36 (1452 turns).

DildoBatman the Conjurer (Formicid Wizard)          Turns: 1452, Time: 00:02:36

Health: -1/30      AC:  2    Str: 12    XL:     4   Next: 14%
Magic:  7/8        EV: 12    Int: 18    God:
Gold:   73         SH:  0    Dex:  9    Spells: 2/9 levels left

rFire    . . .     SeeInvis +   d - +0 dagger
rCold    . . .     Gourm    .   (no shield)
rNeg     . . .     Faith    .   a - +0 robe
rPois    .         Spirit   .   (helmet unavailable)
rElec    .         Reflect  .   (no cloak)
rCorr    .         Harm     .   (no gloves)
MR       .....                  (no boots)
Stlth    ++........             (no amulet)
HPRegen  0.10/turn              (no ring)
MPRegen  0.11/turn              (no ring)

@: no status effects
A: permanent stasis, dig shafts and tunnels, four strong arms, antennae 3
a: Dig, Shaft Self


You were on level 2 of the Dungeon.
You were not hungry.

You visited 1 branch of the dungeon, and saw 2 of its levels.

You collected 73 gold pieces.

Inventory:

Hand Weapons
 d - a +0 dagger (weapon)
Missiles
 b - 36 stones (quivered)
 h - 9 bolts
Armour
 a - a +0 robe (worn)
Scrolls
 e - 2 scrolls of teleportation {unknown}
 j - a scroll of fog {unknown}
 k - 3 scrolls of identify {unknown}
Potions
 f - a potion of haste {unknown}
 g - 2 potions of might {unknown}
 i - a potion of mutation {unknown}
Comestibles
 c - 3 chunks of flesh
 v - 3 rations


   Skills:
 - Level 1.7 Dodging
 - Level 2.4 Stealth
 - Level 3.2 Spellcasting
 * Level 3.3 Conjurations
   Level 1.0 Summonings
   Level 0.8 Translocations


You had 2 spell levels left.
You knew the following spells:

 Your Spells              Type           Power        Failure   Level  Hunger
a - Conjure Flame         Conj/Fire      #.......     24%         3    ###....
c - Magic Dart            Conj           ##..         4%          1    None
e - Mephitic Cloud        Conj/Pois/Air  #.......     30%         3    ###....

Your spell library contained the following spells:

 Spells                   Type           Power        Failure   Level  Hunger
 Call Imp                 Summ           #.......     16%         2    ##.....
 Slow                     Hex            #.......     24%         2    ##.....
 Blink                    Tloc           Unusable     N/A         2    N/A

Dungeon Overview and Level Annotations

Branches:
Dungeon (2/15)

Altars:


Innate Abilities, Weirdness & Mutations

You cannot be hasted, slowed, berserked, paralysed or teleported.
You can dig through walls and to a lower floor.
Your four strong arms can wield two-handed weapons with a shield.
You have a pair of large antennae on your head. (SInv)


Message History

The rat closely misses you. The frilled lizard barely misses you.
What are your orders? t - Shout!
Orders for allies: a - Attack new target. r - Retreat! s - Stop attacking. g - Guard the area. f - Follow me.
Anything else - Cancel.
You shout for attention!
The rat barely misses you. The frilled lizard closely misses you.
What are your orders? t - Shout!
Orders for allies: a - Attack new target. r - Retreat! s - Stop attacking. g - Guard the area. f - Follow me.
Anything else - Cancel.
You shout for attention!
The rat bites you.
You die...

#.#......##.....
#.#.####.....##### .!..#
#.#.....÷........# ....#
#.##.###.....###.##....#
#.##.# #.....# #........
#.##.###.....###.......)
#.##...÷....>...S.......
#.##############lr......
#.÷..###########@.......
#.......................
##...############.......
##### #######


You could see an adder, a frilled lizard and a rat.

Vanquished Creatures
  2 adders (D:2)
  A worm (D:2)
  2 leopard geckos (D:1)
  A ball python (D:1)
  5 bats
  2 giant cockroaches (D:1)
  3 hobgoblins (D:1)
  A kobold (D:1)
  A quokka (D:2)
  2 frilled lizards (D:1)
  5 goblins (D:1)
  7 rats
32 creatures vanquished.

Notes
Turn   | Place    | Note
-------+----------+-------------------------------------------
     0 | D:1      | DildoBatman the Formicid Wizard began the quest for the
                  | Orb.
     0 | D:1      | Reached XP level 1. HP: 13/13 MP: 4/4
     7 | D:1      | Reached skill level 1 in Conjurations
   290 | D:1      | Reached XP level 2. HP: 16/19 MP: 0/6
   754 | D:1      | Reached XP level 3. HP: 24/24 MP: 4/7
   759 | D:1      | Learned a level 3 spell: Conjure Flame
   763 | D:1      | Learned a level 3 spell: Mephitic Cloud
  1396 | D:2      | Reached XP level 4. HP: 26/30 MP: 1/8
  1445 | D:2      | HP: 1/30 [rat (1)]
  1452 | D:2      | Slain by a rat

Illustrated notes

Levels and vault maps discovered:
D:1:      wander_arrival_fairy_ring, layout_basic, due_unseen_surprise
D:2:      layout_basic, grunt_qazlal_sundering

Skill      XL: |  1  2  3 |
---------------+----------+-----
Conjurations   | 1 2 3 |  3.3
Dodging        | |  1.7
Stealth        | |  2.4
Spellcasting   | |  3.2
Summonings     | |  1.0
Translocations | |  0.8

Action                   |  1- 3 |  4- 6 || total
-------------------------+-------+-------++-------
Melee: Dagger            |     6 |       ||     6
 Cast: Magic Dart        |    76 |     1 ||    77
 Abil: Dig               |     2 |       ||     2
  Eat: Chunk             |     1 |     1 ||     2
Armor: Robe              |     6 |    12 ||    18
Dodge: Dodged            |    18 |    54 ||    72
